 Dungeon Crawl Stone Soup version 0.24-a0-201-gf205589 (webtiles) character file.

Game seed: 13472306525224763948

140 MisterFreud the Slasher (level 5, -8/51 HPs)
             Began as an Octopode Gladiator on Mar 25, 2019.
             Killed by divine providence
             ... invoked by an orc priest
              (10 damage)
             ... on level 3 of the Dungeon.
             The game lasted 00:03:13 (2053 turns).

MisterFreud the Slasher (Octopode Gladiator)        Turns: 2053, Time: 00:03:13

Health: -8/51      AC: 22    Str: 13    XL:     5   Next: 23%
Magic:  5/5        EV:  2    Int: 11    God:
Gold:   117        SH:  0    Dex: 14    Spells: 4/4 levels left

rFire    . . .     SeeInvis .   a - +0 long sword
rCold    . . .     Gourm    .   (no shield)
rNeg     + + +     Faith    .   (helmet currently unavailable)
rPois    +         Spirit   .   (no amulet)
rElec    .         Reflect  .   (no ring)
rCorr    .         Harm     .   (no ring)
MR       .....     NoTele   +   (no ring)
Stlth    +.........             (no ring)
HPRegen  0.17/turn              (no ring)
MPRegen  0.09/turn              (no ring)
                                (no ring)
                                (no ring)

@: tree-form, hasted, very quick
A: almost no armour, stealthy swim, (amphibious), 8 rings, (constrict 8)
a: no special abilities


You were on level 3 of the Dungeon.
You were hungry.
You were a tree.
You visited 1 branch of the dungeon, and saw 3 of its levels.

You collected 117 gold pieces.

Inventory:

Hand Weapons
 a - a +0 long sword (weapon)
Missiles
 c - 3 throwing nets (quivered)
 j - 98 stones
 l - 17 sling bullets
 q - 13 bolts
Armour
 b - a +0 hat (melded)
Wands
 n - a wand of polymorph (6)
Scrolls
 e - 3 scrolls of identify {unknown}
 g - a scroll of magic mapping {unknown}
 h - 2 scrolls of immolation {unknown}
 i - 2 scrolls of noise {unknown}
 k - a scroll of enchant armour {unknown}
 m - a scroll of blinking {unknown}
 p - a scroll of teleportation {unknown}
Potions
 o - a potion of lignification
Comestibles
 d - 5 rations


   Skills:
 - Level 2.0 Fighting
 + Level 5.7 Long Blades
 - Level 2.0 Throwing
 - Level 3.0 Dodging


You had 4 spell levels left.
You didn't know any spells.
Your spell library was empty.

Dungeon Overview and Level Annotations

Branches:
Dungeon (3/15)

Altars:
Kikubaaqudgha


Innate Abilities, Weirdness & Mutations

You cannot wear most types of armour.
You are very stealthy in the water. (Stealth+)
((You are amphibious.))
You can wear up to eight rings at the same time.
((You can use your tentacles to constrict eight enemies at once.))
((Your skin changes colour to match your surroundings (Stealth+).))
((Your rubbery body absorbs attacks. (AC +1, EV +1)))


Message History

a +0 dagger; a cursed +0 ring mail You closely miss the orc priest.
You grab the orc priest.
The orc priest is severely wounded.
You constrict the orc priest.
The orc priest invokes the aid of Beogh against you.
Pain shoots through your body!
* * * LOW HITPOINT WARNING * * *
It was a potion of lignification.
You turn into a tree.
Your +0 hat melds into your body.
Your roots penetrate the ground.
You lose your grip on the orc priest.
The orc priest hits you but does no damage.
It was a potion of magic.
Magic courses through your body.
The orc priest hits you but does no damage.
It was a potion of haste.
You feel yourself speed up.
The orc priest hits you but does no damage.
You closely miss the orc priest.
The orc priest is severely wounded.
The orc priest calls down the wrath of Beogh upon you.
Beogh smites you!
You die...

####.#.(......
##########o.............#
#.......♣oo.............#
#.########b####.#.......#
####.#### # ##.........#
#.....)<# ......?=...#
#.#..##.# #....{..#
#....##)# #.# #.....#.#
#o# #....##.# ###)#
#.#.###.# #...#


You could see an orc priest, 2 orcs and a bat.

Vanquished Creatures
  An orc priest (D:3)
  An orc wizard (D:3)
  3 adders (D:2)
  A gnoll (D:1)
  3 leopard geckos
  4 orcs (D:3)
  A giant cockroach (D:1)
  7 goblins
  7 hobgoblins
  A ball python (D:1)
  3 bats (D:1)
  3 frilled lizards
  6 kobolds
  5 rats
46 creatures vanquished.

Notes
Turn   | Place    | Note
-------+----------+-------------------------------------------
     0 | D:1      | MisterFreud the Octopode Gladiator began the quest for the
                  | Orb.
     0 | D:1      | Reached XP level 1. HP: 14/14 MP: 1/1
   193 | D:1      | Reached XP level 2. HP: 17/19 MP: 2/2
   258 | D:1      | Reached skill level 4 in Long Blades
   397 | D:1      | Reached XP level 3. HP: 18/24 MP: 3/3
   931 | D:2      | Reached XP level 4. HP: 21/29 MP: 4/4
   943 | D:2      | Found a faded altar of an unknown god.
   997 | D:2      | Found an ancient bone altar of Kikubaaqudgha.
  1163 | D:2      | Reached skill level 5 in Long Blades
  2047 | D:3      | Reached XP level 5. HP: 17/34 MP: 5/5
  2049 | D:3      | HP: 1/34 [orc priest/nerve-wracking pain (2)]
  2053 | D:3      | Killed from afar by an orc priest

Levels and vault maps discovered:
D:1:      eino_arrival_water_cross, layout_basic, dk_noncrumbling_3,
          minmay_cupped
D:2:      layout_loops_ring, kiku_gazebo_garden_becter,
          chequers_ecumenical_altar_twisty, hangedman_decor_peaks_small
D:3:      layout_loops_cross, minmay_crystal_water, fedhas_altar_3

Skill      XL: |  1  2  3  4 |
---------------+-------------+-----
Long Blades    | 4 5 |  5.7
Fighting       | |  2.0
Throwing       | |  2.0
Dodging        | |  3.0

Action                   |  1- 3 |  4- 6 || total
-------------------------+-------+-------++-------
Melee: Long sword        |    41 |    41 ||    82
       Constrict         |    12 |    14 ||    26
       Tentacles         |     5 |     5 ||    10
  Use: Potion            |       |     3 ||     3
 Stab: Sleeping          |     5 |     2 ||     7
  Eat: Chunk             |       |     3 ||     3
Armor: Skin              |     1 |     6 ||     7
Dodge: Dodged            |    34 |    21 ||    55
       Rpst.: Long sword |    10 |     5 ||    15

Table legend:
 A = Non-vault XP
 B = Vault XP
 C = Vault XP percentage of total XP
 D = Non-vault monster count
 E = Vault monster count
 F = Vault count percentage of total count
                 A         B        C        D         E       F
            +---------+---------+-------+---------+---------+-------
      Total |     198 |       3 |   1.5 |      43 |       3 |   6.5
            +---------+---------+-------+---------+---------+-------
        D:1 |      47 |       3 |   6.0 |      20 |       3 |  13.0
        D:2 |      58 |       0 |   0.0 |      14 |       0 |   0.0
        D:3 |      93 |       0 |   0.0 |       9 |       0 |   0.0
            +---------+---------+-------+---------+---------+-------
